 Dungeon Crawl Stone Soup version 0.18.1-47-g9310371 (webtiles) character file.

253276 protoss039 the Executioner (level 18, -11/193 HPs)
             Began as a Minotaur Berserker on June 17, 2016.
             Was the Champion of Trog.
             Mangled by a large slime creature (36 damage)
             ... on level 6 of the Lair of Beasts on June 18, 2016.
             The game lasted 03:04:31 (41463 turns).

protoss039 the Executioner (Minotaur Berserker)    Turns: 41463, Time: 03:04:31

Health: -11/193    AC: 13    Str: 30    XL:     18   Next: 99%
Magic:  2/17       EV:  9    Int:  4    God:    Trog [******]
Gold:   2950       SH: 15    Dex: 10    Spells: 0 memorised, 17 levels left

rFire  + . .     SeeInvis +     F - +6 broad axe of Cyapniv {chop, rPois rC+ SInv}
rCold  + + .     Gourm    .     W - +2 plate armour {rPois}
rNeg   . . .     Faith    +     U - +1 shield {rC+}
rPois  +         Spirit   .     X - +1 hat
rElec  .         Dismiss  .     t - +1 cloak {MR+}
rCorr  .         Reflect  .     v - +1 pair of gloves {archery}
SustAt .         Harm     .     y - +1 pair of boots {run}
MR     +++++                    x - amulet "Imok" {Faith MR+}
Stlth  ..........               l - ring of protection from fire
                                s - +5 ring of protection

@: corroded, regenerating, quick, almost entirely resistant to hostile
enchantments, extremely unstealthy
A: retaliatory headbutt, horns 2, deformed body, deterioration 1, robust 1
a: Berserk, Trog's Hand, Brothers in Arms, Burn Spellbooks, Renounce Religion
}: 2/15 runes: decaying, serpentine


You were on level 6 of the Lair of Beasts.
You worshipped Trog.
Trog was exalted by your worship.
You were not hungry.

You visited 7 branches of the dungeon, and saw 35 of its levels.
You also visited: Ice Cave.

You collected 3010 gold pieces.
You spent 60 gold pieces at shops.

Inventory:

Hand Weapons
 f - a +2 broad axe of freezing
 F - the +6 broad axe of Cyapniv (weapon) {chop, rPois rC+ SInv}
   (Trog gifted it to you on level 2 of the Orcish Mines)

   It inflicts extra damage upon your enemies.
   It protects you from cold.
   It protects you from poison.
   It lets you see invisible.
 N - a +2 scimitar of flaming
Missiles
 a - 4 needles of confusion
 n - 10 steel tomahawks
 q - a needle of paralysis
 w - 7 tomahawks of dispersal
 H - 6 javelins of returning (quivered)
 I - 3 silver javelins
 P - 6 javelins of penetration
 Q - 6 curare-tipped needles
 S - 2 tomahawks of returning
Armour
 t - a +1 cloak of magic resistance (worn)
 v - a +1 pair of gloves of archery (worn)
 y - a +1 pair of boots of running (worn)
 U - a +1 shield of cold resistance (worn)
 W - a +2 plate armour of poison resistance (worn)
 X - a +1 hat (worn)
Jewellery
 l - a ring of protection from fire (right hand)
 s - a +5 ring of protection (left hand)
 x - the amulet "Imok" (around neck) {Faith MR+}
   (You found it on level 8 of the Lair of Beasts)

   [amulet of faith]

   It allows you to gain divine favour quickly.
   It affects your resistance to hostile enchantments.
Wands
 e - a wand of slowing (14/48)
 i - a wand of teleportation (7/9)
 r - a wand of lightning (3/15)
 C - a wand of disintegration (8/24)
 E - a wand of slowing (20/48)
 T - a wand of digging (17/24)
Scrolls
 d - 5 scrolls of teleportation
 g - 14 scrolls of remove curse
 m - a scroll of identify
 B - 2 scrolls of magic mapping
 J - 6 scrolls of fog
Potions
 b - 5 potions of curing
 k - 5 potions of might
 D - 3 potions of flight
 K - a potion of haste
 L - 2 potions of cancellation
 V - 5 potions of agility
Books
 R - a Young Poisoner's Handbook

   Spells                             Type                      Level
   a - Sting                          Conjuration/Poison           1
   b - Cure Poison                    Poison                       2
   c - Mephitic Cloud                 Conjuration/Poison/Air       3
   d - Olgreb's Toxic Radiance        Poison                       4
   e - Venom Bolt                     Conjuration/Poison           5
   Trog disapproves of the use of such an item.
Comestibles
 c - 13 bread rations
 h - 3 slices of pizza
 j - 19 fruits
 o - 11 meat rations
 u - 7 royal jellies


   Skills:
 * Level 19.3 Fighting
 + Level 2.6 Long Blades
 * Level 21.5 Axes
 * Level 11.5 Throwing
 * Level 18.4 Armour
 - Level 2.5 Dodging
 - Level 4.0 Stealth
 + Level 14.9 Shields
 - Level 0.1 Evocations


You had 17 spell levels left.
You didn't know any spells.

Dungeon Overview and Level Annotations

Branches:
Dungeon (15/15)            Temple (1/1) D:7            Lair (8/8) D:8
  Swamp (4/4) Lair:3        Snake (4/4) Lair:5        Slime (1/6) Lair:6
    Orc (2/2) D:10            Elf (0/3) Orc:2        Vaults (0/5) D:13
 Depths (0/5) D:15

Altars:
Ashenzari
Cheibriados
Dithmenos
Elyvilon
Fedhas
Gozag
Kikubaaqudgha
Makhleb
Nemelex Xobeh
Okawaru
Pakellas
Qazlal
Ru
Sif Muna
Trog
Vehumet
Xom
Yredelemnul
Zin
The Shining One
Jiyva

Shops:
D:11 *   D:12 [   Orc:2 *!(*


Innate Abilities, Weirdness & Mutations

You reflexively headbutt those who attack you in melee.
You have a pair of horns on your head.
Armour fits poorly on your strangely shaped body.
Your body sometimes deteriorates upon taking damage.
You are robust (+10% HP).


Message History

Okay, then.
Unknown command.
Eat which item? (? for menu, Esc to quit)
A very large slime creature splits.
The slime creature hits you.
* * * LOW HITPOINT WARNING * * *
The acid blob hits you.
* * * LOW HITPOINT WARNING * * *
You are splashed with acid!
The acid corrodes you!
The acid burns!
* * * LOW HITPOINT WARNING * * *
The slime creature hits you!
* * * LOW HITPOINT WARNING * * *
You block the large slime creature's attack.
You continue eating.
The acid blob spits acid at you. The splash of acid hits you!
* * * LOW HITPOINT WARNING * * *
The acid burns!
* * * LOW HITPOINT WARNING * * *
The large slime creature hits you!!!
You die...

#### ##### ###
##.######...########.#
.....#.........JJ....##
...............J@G....#
...............JJJ...##
).>........P..........#
............?.........#
................#.....##
.....................#.#
.........#.#........####
#P..#..######..#.#.##
######## ########


You could see an acid blob, 2 large slime creatures, 3 slime creatures and a
shining eye.

Vanquished Creatures
  Nikola (Swamp:3)
  2 acid blobs (Slime:1)
  Gastronok (Lair:2)
  2 thorn hunters
  Roxanne (D:14)
  An azure jelly (Lair:6)
  Maud (Lair:3)
  8 greater nagas
  A frost giant (IceCv)
  An orc warlord (Orc:1)
  A very ugly thing (Swamp:3)
  6 dire elephants (Lair:8)
  The ghost of Aksel the Severer, a journeyman HOFi of Beogh (Lair:5)
  Azrael (D:12)
  Snorg (Orc:1)
  An ettin (D:15)
  8 vault guards (D:13)
  Josephine (D:14)
  18 naga warriors
  An ogre mage (D:15)
  24 hydras
  Erica (D:8)
  3 centaur warriors
  16 anacondas
  The ghost of Sand the Spear-Bearer, a journeyman OpGl of Yredelemnul (Lair:2)
  2 tengu warriors
  18 death yaks
  9 alligators
  An orc high priest (Orc:2)
  Urug (D:12)
  4 naga sharpshooters
  Sonja (D:12)
  8 shock serpents
  A deep elf knight (D:15)
  The ghost of ThereIsNoGod the Cleaver, a novice GrFi of Cheibriados (Lair:1)
  Nergalle (Lair:3)
  3 salamander mystics
  An unseen horror (D:14)
  A deep troll (D:15)
  3 shambling mangroves (Swamp:3)
  A spriggan druid (Swamp:2)
  7 naga ritualists
  11 swamp dragons
  8 hill giants
  An orc knight (D:15)
  2 deep elf magi
  A wolf spider zombie (D:15)
  15 ugly things
  6 orc sorcerers
  14 mana vipers
  4 hornets
  7 salamanders
  A griffon (D:15)
  2 manticores
  Maurice (D:11)
  4 cyclopes
  4 guardian serpents
  16 elephants
  51 black mambas
  An ice statue (IceCv)
  17 naga magi
  A gargoyle (D:14)
  A torpor snail (Lair:6)
  26 spiny frogs
  An eye of devastation (Lair:6)
  10 komodo dragons
  The ghost of daning the Slasher, a novice HESk of Okawaru (D:5)
  3 rime drakes
  17 polar bears
  A queen bee (D:8)
  3 trolls
  17 slime creatures
  6 two-headed ogres
  7 giant leeches
  13 blink frogs
  Prince Ribbit (D:7)
  2 boulder beetles
  15 bog bodies
  2 spriggans (Swamp:1)
  A hog (shapeshifter) (D:15)
  2 wyverns (D:13)
  48 yaks
  6 wraiths (D:14)
  5 shadows
  A vampire (D:13)
  A fire elemental (D:12)
  5 basilisks
  2 hungry ghosts
  8 hippogriffs
  6 vampire mosquitoes
  2 wargs (Orc:2)
  5 insubstantial wisps (Swamp:2)
  50 nagas
  21 swamp worms
  A mottled dragon (D:12)
  15 porcupines
  19 water moccasins
  Duvessa (D:5)
  3 hell hounds (D:12)
  A phantom (D:11)
  6 sky beasts
  2 eyes of draining (D:12)
  18 swamp drakes
  3 black bears
  9 wasps
  27 orc warriors
  3 necrophages
  8 ice beasts
  18 ogres
  8 centaurs
  25 wolves
  21 crocodiles
  3 big kobolds
  18 giant frogs
  A wyvern zombie (D:13)
  A gnoll sergeant (D:5)
  Dowan (D:5)
  5 scorpions
  31 killer bees
  15 wights
  An electric eel (Lair:3)
  2 howler monkeys
  4 lava snakes (Snake:2)
  11 crimson imps
  The ghost of sarahorange the Conjurer, a weakling HECj (D:3)
  2 wasp zombies
  A giant frog zombie (D:11)
  6 giant frog skeletons
  8 hounds
  5 jellies
  21 orc priests
  5 centaur skeletons
  15 iguanas
  25 orc wizards
  A hell rat (D:8)
  12 worker ants
  33 sheep
  A hound zombie (D:5)
  Robin (D:2)
  A worker ant zombie (D:7)
  26 adders
  14 gnolls
  42 river rats
  4 shadow imps
  3 oozes
  An adder zombie (D:8)
  An adder skeleton (D:9)
  3 worms
  A dart slug (D:3)
  5 giant geckos
  80 orcs
  A ball python (D:7)
  7 giant cockroaches
  11 hobgoblins
  7 jackals
  10 kobolds
  5 quokkas
  9 bats
  4 giant newts
  15 goblins
  A jackal zombie (D:8)
  28 rats
  5 fungi
  5 plants
1329 creatures vanquished.

Vanquished Creatures (collateral kills)
  3 greater nagas (Snake:4)
  A naga warrior (Snake:4)
  An anaconda (Snake:4)
  An alligator (Swamp:3)
  2 naga sharpshooters (Snake:4)
  3 naga ritualists (Snake:4)
  2 mana vipers (Snake:4)
  A hornet (Swamp:3)
  A guardian serpent (Snake:4)
  2 black mambas
  A hippogriff (Lair:4)
  8 nagas
  A porcupine (Lair:4)
  An eye of draining (Slime:1)
28 creatures vanquished.

Vanquished Creatures (others)
  2 spriggan berserkers (Swamp:4)
  A spriggan (Swamp:4)
  2 bog bodies
  A shadow (Swamp:4)
  2 swamp drakes
  A wasp (Swamp:4)
  A giant frog (D:13)
  2 orc wizards (Orc:2)
  3 briar patches (Swamp:4)
  4 bushes (D:15)
  2 fungi (Lair:8)
  7 plants
28 creatures vanquished.

Grand Total: 1385 creatures vanquished

Notes
Turn   | Place    | Note
--------------------------------------------------------------
     0 | D:1      | protoss039 the Minotaur Berserker began the quest for the Orb.
     0 | D:1      | Reached XP level 1. HP: 19/19 MP: 0/0
    72 | D:1      | Reached skill level 4 in Axes
    72 | D:1      | Reached XP level 2. HP: 18/27 MP: 1/1
   762 | D:1      | Reached ** piety under Trog
  1003 | D:1      | Reached XP level 3. HP: 33/33 MP: 2/2
  1280 | D:2      | Noticed Robin
  1294 | D:2      | Killed Robin
  1294 | D:2      | Reached XP level 4. HP: 27/41 MP: 3/3
  1460 | D:2      | Reached skill level 5 in Fighting
  1938 | D:3      | Found a stormy altar of Qazlal.
  1973 | D:3      | Reached skill level 1 in Stealth
  2172 | D:3      | Noticed sarahorange's ghost (weakling HECj)
  2197 | D:3      | Killed sarahorange's ghost
  2197 | D:3      | Reached *** piety under Trog
  2197 | D:3      | Reached XP level 5. HP: 29/48 MP: 4/4
  2366 | D:3      | Reached skill level 5 in Axes
  2639 | D:3      | Noticed an ice beast
  2650 | D:3      | HP: 2/50 [ice beast (12)]
  2655 | D:3      | Killed an ice beast
  2655 | D:3      | Reached XP level 6. HP: 3/57 MP: 5/5
  3594 | D:4      | Reached XP level 7. HP: 64/64 MP: 6/6
  3745 | D:4      | Reached skill level 6 in Axes
  3821 | D:4      | Received a gift from Trog
  3967 | D:5      | Entered Level 5 of the Dungeon
  4091 | D:5      | Found an oddly glowing altar of Pakellas.
  4091 | D:5      | Found an ancient bone altar of Kikubaaqudgha.
  4141 | D:5      | Reached skill level 5 in Armour
  4290 | D:5      | Reached **** piety under Trog
  4290 | D:5      | Reached XP level 8. HP: 70/74 MP: 7/7
  4526 | D:5      | Noticed Duvessa
  4527 | D:5      | Noticed Dowan
  4538 | D:5      | Killed Dowan
  4538 | D:5      | Reached skill level 1 in Shields
  4559 | D:5      | Killed Duvessa
  4799 | D:5      | Noticed daning's ghost (novice HESk)
  4842 | D:5      | Killed daning's ghost
  4842 | D:5      | Reached skill level 7 in Axes
  5220 | D:5      | Found Xiarau's Food Shoppe.
  5558 | D:6      | Reached XP level 9. HP: 59/83 MP: 8/8
  6232 | D:7      | Found a staircase to the Ecumenical Temple.
  6252 | Temple   | Entered the Ecumenical Temple
  6444 | D:7      | Reached skill level 5 in Shields
  6745 | D:7      | Reached skill level 10 in Fighting
  6803 | D:7      | Noticed Prince Ribbit
  6817 | D:7      | Killed Prince Ribbit
  6983 | D:7      | Reached skill level 8 in Axes
  7399 | D:8      | Reached XP level 10. HP: 94/94 MP: 7/9
  7403 | D:8      | Reached skill level 1 in Throwing
  7403 | D:8      | Reached ***** piety under Trog
  7404 | D:8      | Reached skill level 9 in Axes
  7428 | D:8      | Reached skill level 10 in Axes
  7439 | D:8      | Found a staircase to the Lair.
  7618 | D:8      | Received a gift from Trog
  7734 | D:8      | Found a deep blue altar of Sif Muna.
  7766 | D:8      | You fall through a shaft!
  7825 | D:8      | Noticed Erica
  7841 | D:8      | Killed Erica
  7959 | D:8      | Found a blossoming altar of Fedhas.
  8372 | D:8      | Reached XP level 11. HP: 102/102 MP: 10/10
  8388 | D:8      | Reached skill level 11 in Axes
  8953 | D:9      | Received a gift from Trog
  8963 | D:9      | Got a shimmering hand axe {god gift}
  8977 | D:9      | Identified the +6 hand axe of Trog's Approval {drain, rF+} (Trog gifted it to you on level 9 of the Dungeon)
  9517 | D:10     | Entered Level 10 of the Dungeon
  9756 | D:10     | Found an ancient bone altar of Kikubaaqudgha.
 10102 | D:10     | Found a staircase to the Orcish Mines.
 10340 | D:11     | Noticed Maurice
 10367 | D:11     | Killed Maurice
 10503 | D:11     | Noticed a four-headed hydra
 10507 | D:11     | Noticed a hill giant
 10518 | D:11     | Killed a 14-headed hydra
 10518 | D:11     | Reached skill level 10 in Armour
 10519 | D:11     | Killed a hill giant
 10777 | D:11     | Noticed a red ugly thing
 10792 | D:11     | Killed a red ugly thing
 10792 | D:11     | Reached skill level 12 in Axes
 10982 | D:11     | Found Goid's Elemental Accessories.
 11140 | D:11     | Noticed a hill giant
 11148 | D:11     | Killed a hill giant
 11153 | D:11     | Got a slimy leather armour
 11194 | D:11     | Identified the +1 leather armour of a ziggurat {rPois MR- MP-9 Dex+8} (You found it on level 11 of the Dungeon)
 11222 | D:11     | Noticed a brown ugly thing
 11233 | D:11     | Killed a brown ugly thing
 11357 | D:12     | Noticed Azrael
 11389 | D:12     | Killed Azrael
 11389 | D:12     | Received a gift from Trog
 11389 | D:12     | Reached XP level 12. HP: 57/113 MP: 0/11
 11967 | D:12     | Found Koq Quan's Antique Armour Shoppe.
 12044 | D:12     | Noticed Sonja
 12055 | D:12     | Killed Sonja
 12055 | D:12     | Reached skill level 5 in Throwing
 12524 | D:12     | Noticed Urug
 12540 | D:12     | Killed Urug
 12540 | D:12     | Reached skill level 13 in Axes
 13205 | D:13     | Noticed a seven-headed hydra
 13213 | D:13     | Killed a two-headed hydra
 13321 | D:13     | Found a gate to the Vaults.
 13321 | D:13     | Noticed a vault guard
 13321 | D:13     | Noticed a vault guard
 13321 | D:13     | Noticed a vault guard
 13321 | D:13     | Noticed a vault guard
 13321 | D:13     | Noticed a vault guard
 13322 | D:13     | Noticed a vault guard
 13322 | D:13     | Noticed a vault guard
 13323 | D:13     | Noticed a vault guard
 13341 | D:13     | Killed a vault guard
 13365 | D:13     | Killed a vault guard
 13373 | D:13     | Killed a vault guard
 13376 | D:13     | Killed a vault guard
 13389 | D:13     | Killed a vault guard
 13399 | D:13     | Killed a vault guard
 13406 | D:13     | Killed a vault guard
 13406 | D:13     | Reached XP level 13. HP: 72/123 MP: 8/12
 13417 | D:13     | Killed a vault guard
 13879 | D:13     | Reached skill level 14 in Axes
 14307 | D:14     | Noticed Roxanne
 14376 | D:14     | Noticed Josephine
 14389 | D:14     | Killed Josephine
 14389 | D:14     | Reached skill level 10 in Shields
 14406 | D:14     | Received a gift from Trog
 14995 | D:14     | Killed Roxanne
 15021 | D:14     | Identified Roxanne's Grimoire of Moulding (You took it off Roxanne on level 14 of the Dungeon)
 15493 | D:15     | Entered Level 15 of the Dungeon
 15797 | D:15     | Reached skill level 15 in Axes
 16032 | D:15     | Reached XP level 14. HP: 132/133 MP: 8/13
 16576 | D:15     | Received a gift from Trog
 16597 | D:15     | Got an iridescent battleaxe {god gift}
 16611 | D:15     | Identified the +0 battleaxe of Division {antimagic, *Drain MR+ Stlth+} (Trog gifted it to you on level 15 of the Dungeon)
 16813 | D:15     | Found a staircase to the Depths.
 17248 | Lair:1   | Entered Level 1 of the Lair of Beasts
 17478 | Lair:1   | Reached skill level 15 in Fighting
 17573 | Lair:1   | Noticed ThereIsNoGod's ghost (novice GrFi)
 17596 | Lair:1   | Killed ThereIsNoGod's ghost
 17713 | Lair:1   | Reached skill level 16 in Axes
 18441 | Lair:2   | Noticed Sand's ghost (journeyman OpGl)
 18457 | Lair:2   | Killed Sand's ghost
 18479 | Lair:2   | Noticed Gastronok
 18493 | Lair:2   | Killed Gastronok
 19153 | Lair:3   | Noticed Nergalle
 19164 | Lair:3   | Killed Nergalle
 19164 | Lair:3   | Received a gift from Trog
 19422 | Lair:3   | Found a staircase to the Swamp.
 19431 | Lair:3   | Noticed Maud
 19453 | Lair:3   | Killed Maud
 19969 | Lair:4   | Reached ****** piety under Trog
 20069 | Lair:4   | Received a gift from Trog
 20330 | Lair:4   | Reached skill level 1 in Long Blades
 20905 | Lair:5   | Found a staircase to the Snake Pit.
 20918 | Lair:5   | Noticed Aksel's ghost (journeyman HOFi)
 20955 | Lair:5   | Killed Aksel's ghost
 20955 | Lair:5   | Reached XP level 15. HP: 63/143 MP: 7/14
 21275 | Lair:5   | Received a gift from Trog
 21319 | Lair:5   | Identified the Disquisition on Creative Curses
 22039 | Lair:6   | Reached skill level 17 in Axes
 22042 | Lair:6   | Reached skill level 15 in Armour
 22052 | Lair:6   | Identified the Compendium of the Blaze and Orientation
 22131 | Lair:6   | Received a gift from Trog
 22173 | Lair:6   | Found a viscous altar of Jiyva.
 22173 | Lair:6   | Found a staircase to the Slime Pits.
 23597 | Lair:8   | Entered Level 8 of the Lair of Beasts
 24534 | Lair:8   | Received a gift from Trog
 24536 | Lair:8   | Reached skill level 18 in Axes
 25019 | Lair:8   | Got a translucent steel amulet
 25020 | Lair:8   | Identified the amulet "Imok" {Faith MR+} (You found it on level 8 of the Lair of Beasts)
 25144 | Lair:8   | Reached XP level 16. HP: 90/152 MP: 15/15
 25636 | Orc:1    | Entered Level 1 of the Orcish Mines
 25636 | Orc:1    | Noticed Snorg
 25648 | Orc:1    | Killed Snorg
 25648 | Orc:1    | Received a gift from Trog
 25796 | Orc:2    | Entered Level 2 of the Orcish Mines
 25796 | Orc:2    | Found a burning altar of Makhleb.
 25903 | Orc:2    | Received a gift from Trog
 25926 | Orc:2    | Gained mutation: Armour fits poorly on your strangely shaped body. [a neqoxec]
 25928 | Orc:2    | Gained mutation: Your magical capacity is low (-10% MP). [a neqoxec]
 25929 | Orc:2    | Gained mutation: You are frail (-10% HP). [a neqoxec]
 25955 | Orc:2    | Found Ewuthro's Assorted Antiques.
 25955 | Orc:2    | Found Sast's General Store.
 25955 | Orc:2    | Found Jaetod's Weapon Shoppe.
 25960 | Orc:2    | Found Gipipt's Distillery.
 26051 | Orc:2    | Got a warped broad axe {god gift}
 26057 | Orc:2    | Identified the +6 broad axe of Cyapniv {chop, rPois rC+ SInv} (Trog gifted it to you on level 2 of the Orcish Mines)
 26095 | Orc:2    | Bought a potion of agility for 60 gold pieces
 26122 | Orc:2    | Found a staircase to the Elven Halls.
 26482 | Orc:2    | Found a frozen archway.
 26507 | Orc:2    | Received a gift from Trog
 26533 | IceCv    | Entered an ice cave
 26749 | IceCv    | Received a gift from Trog
 26793 | IceCv    | Gained mutation: You possess an exceptional clarity of mind. [potion of beneficial mutation]
 26915 | IceCv    | Got a jewelled great sword
 26938 | IceCv    | Identified the +5 great sword "Vawukh" {elec, *Rage rPois rC+} (You found it in an ice cave)
 27299 | Orc:1    | Received a gift from Trog
 28035 | Swamp:1  | Entered Level 1 of the Swamp
 28059 | Swamp:1  | Received a gift from Trog
 28264 | Swamp:1  | Identified a +1 pair of boots of running (You found it on level 1 of the Swamp)
 28366 | Swamp:1  | Reached skill level 19 in Axes
 29629 | Swamp:3  | Received a gift from Trog
 30445 | Swamp:3  | Received a gift from Trog
 30457 | Swamp:4  | Entered Level 4 of the Swamp
 30567 | Swamp:4  | Noticed Nikola
 31720 | Swamp:3  | Received a gift from Trog
 32154 | Swamp:2  | Reached XP level 17. HP: 54/146 MP: 14/14
 32556 | Swamp:3  | Killed Nikola
 33784 | Swamp:4  | Received a gift from Trog
 34079 | Swamp:4  | Got a decaying rune of Zot
 34341 | Snake:1  | Entered Level 1 of the Snake Pit
 34473 | Snake:1  | Received a gift from Trog
 34837 | Snake:1  | Reached skill level 20 in Axes
 35984 | Snake:2  | Received a gift from Trog
 36523 | Snake:3  | Received a gift from Trog
 36569 | Snake:3  | Reached XP level 18. HP: 129/155 MP: 5/15
 37109 | Snake:3  | Received a gift from Trog
 37125 | Snake:3  | Got a twisted demon trident {god gift}
 37126 | Snake:3  | Identified the +10 demon trident of Light {venom, +Rage Str+4} (Trog gifted it to you on level 3 of the Snake Pit)
 37130 | Snake:3  | Lost mutation: You possess an exceptional clarity of mind. [potion of cure mutation]
 37130 | Snake:3  | Lost mutation: You are frail (-10% HP). [potion of cure mutation]
 37130 | Snake:3  | Lost mutation: Your magical capacity is low (-10% MP). [potion of cure mutation]
 37907 | Snake:4  | Entered Level 4 of the Snake Pit
 37992 | Snake:4  | Reached skill level 10 in Throwing
 38164 | Snake:4  | Reached skill level 21 in Axes
 38693 | Snake:4  | Received a gift from Trog
 39602 | Snake:4  | Received a gift from Trog
 39605 | Snake:4  | Got a pitted trident {god gift}
 40181 | Snake:4  | Received a gift from Trog
 40574 | Snake:4  | Got a serpentine rune of Zot
 40922 | Temple   | Identified the +10 trident "Cagiax" {speed, *Rage rN+ Dex+4} (Trog gifted it to you on level 4 of the Snake Pit)
 41121 | Lair:4   | Received a gift from Trog
 41180 | Slime:1  | Entered Level 1 of the Pits of Slime
 41459 | Slime:1  | Gained mutation: You are robust (+10% HP). [a shining eye]
 41460 | Slime:1  | Gained mutation: Your body sometimes deteriorates upon taking damage. [a shining eye]
 41463 | Lair:6   | Mangled by a large slime creature

Skill      XL: |  1  2  3  4  5  6  7  8  9 10 11 12 13 14 15 16 17 18 |
---------------+-------------------------------------------------------+-----
Axes           | 4 5 6 7 8 10 12 13 15 16 18 19 20 21 | 21.5
Fighting       | 4 5 6 7 9 10 11 12 13 14 15 16 17 18 19 | 19.3
Armour         | 3 4 5 7 8 9 10 12 13 14 15 16 17 18 | 18.4
Stealth        | 1 2 3 4 |  4.0
Shields        | 3 6 7 9 10 11 12 13 14 | 14.9
Throwing       | 3 4 5 7 8 9 11 | 11.5
Long Blades    | 1 2 |  2.6
Dodging        | |  2.5
Evocations     | |  0.1

Action                   |  1- 3 |  4- 6 |  7- 9 | 10-12 | 13-15 | 16-18 || total
-------------------------+-------+-------+-------+-------+-------+-------++-------
Melee: Hand axe          |    63 |   195 |   248 |   450 |  1421 |   115 ||  2492
       Headbutt          |     5 |    34 |    74 |   169 |   422 |   322 ||  1026
       War axe           |       |       |   122 |   230 |       |       ||   352
       Scimitar          |       |       |       |     5 |    28 |    99 ||   132
       Battleaxe         |       |       |       |       |    54 |       ||    54
       Executioner's axe |       |       |       |       |     8 |       ||     8
       Broad axe         |       |       |       |       |       |  1307 ||  1307
Throw: Tomahawk          |       |       |       |       |     1 |    17 ||    18
       Javelin           |       |       |       |       |       |   206 ||   206
Invok: Berserk           |     1 |     1 |     2 |     4 |     6 |     8 ||    22
       Trog's Hand       |       |       |     1 |     2 |     1 |     7 ||    11
       Burn Spellbooks   |       |       |     1 |       |     5 |     1 ||     7
       Brothers in Arms  |       |       |       |       |       |     6 ||     6
Evoke: Wand              |       |       |       |     2 |     1 |     2 ||     5
  Use: Scroll            |     3 |     6 |     8 |     2 |    11 |    12 ||    42
       Potion            |       |     6 |     3 |     1 |     7 |    20 ||    37
 Stab: Distracted        |       |       |       |       |       |     1 ||     1
  Eat: Chunk             |     1 |    10 |    19 |    24 |    38 |    43 ||   135
       Beef jerky        |       |       |       |       |     2 |     5 ||     7
       Meat ration       |       |       |       |       |     1 |     1 ||     2
       Royal jelly       |       |       |       |       |       |     1 ||     1
       Pizza             |       |       |       |       |       |     6 ||     6
Armor: Animal skin       |    11 |       |       |       |       |       ||    11
       Plate armour      |       |   122 |   217 |   357 |   736 |   967 ||  2399
       Ring mail         |       |     4 |       |       |       |       ||     4
Dodge: Dodged            |    50 |    70 |    78 |   132 |   286 |   462 ||  1078
Block: Shield            |       |       |   152 |   328 |   729 |  1108 ||  2317
